Map: 2000 Atmospheres LE

Players

MaSa - Winner!

  • Race: Terran Terran

TriGGeR

  • Race: Protoss Protoss

Event: DreamHack SC2 Masters 2021 Winter

VOD

Have the link to the VOD?

Description

Time

  • Played on: Oct. 7, 2021, 6:19 p.m.
  • Length: 8:48

All games in this series

Show
View Real Time Build Order
Export as new Build Order

MaSa Terran - Winner!

Build Orders:  

Get SALT Encoding   

  12  0:00  SCV  
  13  0:13  Supply Depot  
  13  0:17  SCV  
  14  0:30  SCV  
  15  0:36  Barracks  
  15  0:42  Refinery  
  15  0:46  SCV  
  16  0:54  Refinery  
  16  0:59  SCV  
  17  1:11  SCV  
  18  1:22  Reaper  
  18  1:23  Orbital Command  
  19  1:37  Bunker  
  19  1:43  Factory  
  19  1:48  SCV  
  20  1:54  Reaper  
  20  1:57  Bunker  
  21  2:03  Supply Depot  
  21  2:04  SCV  
  22  2:16  SCV  
  23  2:27  Widow Mine  
  23  2:29  SCV  
  25  2:31  Starport  
  25  2:33  Reaper  
  26  2:41  Supply Depot  
  26  2:48  Widow Mine, SCV  
  28  3:02  SCV  
  28  3:08  Viking  
  31  3:21  SCV  
  28  3:28  Widow Mine  
  28  3:33  SCV  
  31  3:39  Viking  
  33  3:45  SCV  
  34  3:52  Factory Tech Lab  
  34  3:57  SCV  
  35  4:09  SCV  
  36  4:12  Command Center  
  36  4:16  Starport Tech Lab  
  36  4:18  Cyclone  
  39  4:28  Supply Depot  
  39  4:37  Barracks  
  39  4:39  Barracks  
  39  4:49  SCV, Raven  
  42  4:53  Barracks Reactor  
  42  5:02  Supply Depot, SCV  
  43  5:07  Siege Tank  
  43  5:14  SCV  
  45  5:26  SCV  
  48  5:32  Barracks Tech Lab  
  45  5:37  Marine x2  
  45  5:38  SCV  
  47  5:47  Starport Reactor  
  46  5:50  SCV  
  46  5:52  Siege Tank  
  46  5:53  Marine x2  
  46  5:54  Supply Depot  
  46  5:55  Marine, Orbital Command  
  53  5:58  Engineering Bay  
  53  6:04  SCV, Refinery  
  53  6:05  Marine  
  53  6:11  Marine  
  55  6:16  SCV, Stimpack  
  57  6:21  SCV  
  57  6:25  Marine x2  
  60  6:28  SCV  
  60  6:31  Terran Infantry Weapons Level 1  
  61  6:33  SCV  
  61  6:35  Marauder  
  64  6:40  SCV  
  64  6:42  Marine  
  64  6:43  Marine  
  67  6:49  SCV  
  70  6:54  Marauder  
  70  6:55  Combat Shield  
  70  6:57  SCV  
  70  7:00  Supply Depot  
  70  7:01  SCV  
  72  7:02  Marauder  
  74  7:09  SCV  
  74  7:15  SCV  
  74  7:20  Marauder, Marine x2  
  74  7:21  SCV  
  79  7:25  Medivac x2  
  79  7:27  SCV  
  84  7:30  Supply Depot, Refinery  
  84  7:37  SCV  
  84  7:39  Marine  
  86  7:52  Marauder, SCV x2  
  86  7:55  Supply Depot  
  86  7:56  Supply Depot  
  90  8:04  SCV  
  91  8:08  SCV  
  91  8:11  Marauder  
  94  8:14  Command Center  
  94  8:16  Marine x2  
  94  8:17  Marauder, SCV  
  101  8:21  Supply Depot  
Show
View Real Time Build Order
Export as new Build Order

TriGGeR Protoss 

Build Orders:  

Get SALT Encoding   

  12  0:00  Probe  
  13  0:12  Probe  
  14  0:19  Pylon  
  14  0:24  Probe  
  15  0:37  Probe (Chrono Boost)  
  15  0:38  Gateway  
  16  0:46  Assimilator, Probe (Chrono Boost)  
  17  0:52  Probe  
  18  1:05  Probe  
  19  1:17  Probe  
  20  1:24  Zealot (Chrono Boost)  
  20  1:25  Pylon  
  20  1:26  Cybernetics Core  
  20  1:31  Probe  
  23  1:42  Pylon  
  23  2:03  Adept (Chrono Boost), Shield Battery  
  23  2:05  Shield Battery  
  23  2:06  Probe  
  24  2:21  Shield Battery  
  24  2:22  Shield Battery  
  23  2:25  Probe, Shield Battery  
  23  2:35  Stalker  
  24  2:56  Probe  
  25  3:16  Probe  
  24  3:22  Gateway  
  24  3:26  Gateway  
  24  3:27  Shield Battery  
  24  3:29  Probe  
  23  3:35  Assimilator  
  23  3:41  Probe  
  23  3:48  Cybernetics Core  
  24  3:53  Probe  
  23  4:05  Probe  
  24  4:10  Stalker (Chrono Boost)  
  24  4:13  Stalker (Chrono Boost)  
  28  4:18  Probe  
  28  4:23  Warp Gate (Chrono Boost)  
  29  4:36  Robotics Facility  
  29  4:41  Stalker (Chrono Boost)  
  31  4:49  Nexus  
  31  4:55  Pylon  
  31  5:07  Pylon  
  31  5:18  Shield Battery  
  31  5:25  Probe  
  31  5:37  Immortal (Chrono Boost), Probe  
  36  5:49  Probe  
  35  5:59  Shield Battery  
  35  6:05  Stalker x2  
  35  6:06  Probe  
  35  6:07  Probe  
  41  6:19  Probe  
  41  6:22  Probe (Chrono Boost)  
  43  6:27  Robotics Bay  
  43  6:28  Sentry x2  
  48  6:34  Observer  
  48  6:37  Probe x2 (Chrono Boost)  
  50  6:41  Pylon  
  50  6:44  Probe (Chrono Boost)  
  50  6:45  Probe (Chrono Boost)  
  52  6:55  Probe  
  52  6:57  Probe  
  54  7:01  Assimilator  
  54  7:07  Probe  
  55  7:12  Stalker x2  
  53  7:20  Disruptor (Chrono Boost)  
  52  7:24  Pylon  
  52  7:28  Shield Battery  
  55  7:30  Shield Battery  
  55  7:39  Pylon  
  55  7:42  Pylon  
  55  7:50  Stalker  
  55  7:51  Shield Battery  
  57  8:01  Zealot  
  59  8:05  Shield Battery  
  59  8:12  Probe x2  
  61  8:14  Gateway  
  61  8:17  Zealot  
  61  8:24  Probe  
  61  8:25  Zealot  
  61  8:26  Probe  
  58  8:37  Pylon  
  58  8:38  Zealot  

Tags
 
Add a new tag
Caveats
  • Supply blocks, unpowered buildings, or Contaminate may cause inaccurate times.
  • Supply counts are checked every 10 seconds.